cohdb
Replays
Latest Replays
All Replays
Popular Replays
Top Player Replays
Match Explorer
How It Works
Community
CoH3 Stats
Reddit
Sign in to upload your games and track your stats! →
Sign in with Steam
Match 46098821
Unlisted
Match 46098821
Overview
Messages
Build Orders
End
Vickers Machine Gun Team
Construct Section Command Post
Selects Canadian Shock Battlegroup
Infantry Section
ML 3-inch Mortar Team
Vickers Machine Gun Team
Infantry Section
Selects Attacking Spirit
Selects Canadian Shock Section
Construct Field Infirmary
Grenade Package
Construct Platoon Command Post
Selects Incendiary Munitions
6-pounder Anti-tank Gun Team
CMP 15cwt Truck
Sunday Driver
Diccolo
DENIS-ACE
Kray-Tos
0
0
Comments
sign in to comment!
No comments posted yet!